[Event "ICC tourney 1946 (30 5)"]
[Site "Internet Chess Club"]
[Date "2020.08.01"]
[Round "5"]
[White "Ben2008"]
[Black "Atharva10"]
[Result "1-0"]
[ICCResult "Black checkmated"]
[WhiteElo "1764"]
[BlackElo "1585"]
[Opening "Scotch game"]
[ECO "C45"]
[NIC "SO.05"]
[Time "18:02:15"]
[TimeControl "1800+5"]

1. e4 e5 2. Nf3 Nc6 3. d4 exd4 4. Nxd4 Bc5 5. Nxc6 Qf6 6. Qf3 Qxf3 7. gxf3
dxc6 8. Rg1 g6 9. Bf4 Bd6 10. Bg3 Be6 11. Nd2 Ne7 12. Bc4 O-O-O 13. Bxe6+
fxe6 14. Rd1 Rhf8 15. Ke2 Bf4 16. Nb3 Bxg3 17. fxg3 e5 18. Nc5 Rd6 19. Nd3
Re6 20. c4 g5 21. Rgf1 Ng6 22. Nf2 h5 23. Nh3 g4 24. fxg4 hxg4 25. Nf2 Rg8
26. Nxg4 Nf4+ 27. Kf3 Nh3 28. Ke3 b6 29. Nf6 Rh8 30. Ng4 Rhe8 31. Rf5 Rg8
32. Rxe5 Rd6 33. Rxd6 cxd6 34. Rh5 Ng5 35. Nh6 Rg6 36. Nf5 Kb7 37. Nxd6+ Kc7
38. Nf5 Ne6 39. Rh7+ Kb8 40. Ne7 Rf6 41. Nxc6+ Kc8 42. Nxa7+ Kd8 43. Nc6+
Ke8 44. Ne5 Nc5 45. h4 Re6 46. Rh5 Ke7 47. Rf5 Kd6 48. Kd4 Re8 49. Nf7+ Kc6
50. Ng5 Rd8+ 51. Ke3 Rd3+ 52. Kf4 Rd2 53. b4 Nd3+ 54. Ke3 Rd1 55. Rd5 Nb2
56. Rxd1 Nxd1+ 57. Kf4 Nc3 58. h5 Nxa2 59. h6 Nxb4 60. h7 Kc5 61. h8=Q Kxc4
62. Qg8+ Kc3 63. e5 b5 64. e6 Nd3+ 65. Kf5 b4 66. e7 b3 67. Ne4+ Kc2 68.
Qxb3+ Kxb3 69. e8=Q Kc4 70. Qe6+ Kb5 71. Qd5+ Kb4 72. Qxd3 Ka4 73. Qc4+ Ka5
74. g4 Kb6 75. g5 Ka5 76. g6 Kb6 77. g7 Ka5 78. g8=Q Kb6 79. Qge6+ Ka7 80.
Qc7+ Ka8 81. Qec8# {Black checkmated} 1-0

[Event "ICC tourney 1946 (30 5)"]
[Site "Internet Chess Club"]
[Date "2020.08.01"]
[Round "5"]
[White "WCCJCS"]
[Black "meghna"]
[Result "0-1"]
[ICCResult "White checkmated"]
[WhiteElo "1581"]
[BlackElo "1787"]
[Opening "French: classical, Steinitz variation"]
[ECO "C14"]
[NIC "FR.06"]
[Time "18:01:00"]
[TimeControl "1800+5"]

1. e4 e6 2. d4 d5 3. Nc3 Nf6 4. Bg5 Be7 5. e5 Nfd7 6. Bxe7 Qxe7 7. f4 a6 8.
Nf3 c5 9. Be2 Nc6 10. O-O cxd4 11. Nxd4 Qc5 12. Kh1 Qxd4 13. Qxd4 Nxd4 14.
Bd3 Nc5 15. Rad1 Nxd3 16. cxd3 b5 17. a3 Bd7 18. Na2 O-O 19. Rc1 Rfc8 20.
Nc3 Nb3 21. Rcd1 a5 22. Rf2 b4 23. Nb1 Rc7 24. Nd2 Nxd2 25. Rfxd2 Ba4 26.
Re1 Rac8 27. h3 Rc1 28. Rxc1 Rxc1+ 29. Kh2 d4 30. axb4 axb4 31. Kg3 g6 32.
Kf3 b3 33. Ke2 Rc2 34. g3 Rxd2+ 35. Kxd2 h6 36. h4 Kg7 37. Ke2 Bc6 38. Kf2
g5 39. Ke2 gxf4 40. gxf4 Kg6 41. Kf2 Kf5 42. Kg3 h5 43. Kf2 Kxf4 44. Ke2
Kxe5 45. Kf2 Kf4 46. Ke2 Kg3 47. Kd2 f5 48. Ke2 f4 49. Ke1 f3 50. Kf1 f2 51.
Ke2 Kg2 52. Kd2 Bd5 53. Ke2 f1=Q+ 54. Kd2 Qf2+ 55. Kd1 Bf3+ 56. Kc1 Qc2#
{White checkmated}
0-1

[Event "ICC tourney 1946 (30 5)"]
[Site "Internet Chess Club"]
[Date "2020.08.01"]
[Round "5"]
[White "albli"]
[Black "VincentT2008"]
[Result "1-0"]
[ICCResult "Black resigns"]
[WhiteElo "1492"]
[BlackElo "1333"]
[Opening "two knights defense: Kieseritsky variation"]
[ECO "C58"]
[NIC "KP.01"]
[Time "18:01:14"]
[TimeControl "1800+5"]

1. e4 e5 2. Nf3 Nc6 3. Bc4 Nf6 4. Ng5 d5 5. exd5 Na5 6. d3 h6 7. Nf3 Bd6 8.
h3 O-O 9. O-O e4 10. Nd4 a6 11. Bd2 Nxc4 12. dxc4 Re8 13. Nc3 Bd7 14. Be3
Qe7 15. Re1 Qe5 16. f4 exf3 17. Nxf3 Qg3 18. Bf2 Qg6 19. c5 Bg3 20. Bxg3
Qxg3 21. Ne2 Qg6 22. c4 Nh5 23. Kh1 Re3 24. Qd2 Rae8 25. Ned4 Rxe1+ 26. Rxe1
Rxe1+ 27. Qxe1 Nf4 28. Qd2 Qb1+ 29. Kh2 Qe4 30. Qc2 Qe7 31. b4 Qe3 32. c6
bxc6 33. dxc6 Bc8 34. b5 Nh5 35. Qd2 Qa3 36. Nc2 Qe7 37. Qe3 Qd6+ 38. Qe5
Qxc6 39. bxc6 {Black resigns} 1-0

[Event "ICC tourney 1946 (30 5)"]
[Site "Internet Chess Club"]
[Date "2020.08.01"]
[Round "5"]
[White "pika0008"]
[Black "tongchen"]
[Result "1/2-1/2"]
[ICCResult "Game drawn by mutual agreement"]
[WhiteElo "1415"]
[BlackElo "1908"]
[Opening "Grünfeld: modern exchange variation"]
[ECO "A05"]
[NIC "EO.52"]
[Time "18:00:56"]
[TimeControl "1800+5"]

1. Nf3 Nf6 2. c4 g6 3. Nc3 d5 4. cxd5 Nxd5 5. e4 Nxc3 6. bxc3 Bg7 7. d4 c5
8. Be3 O-O 9. Qd2 Qa5 10. h3 Nc6 11. Rb1 Rd8 12. Rb5 Qa3 13. Rxc5 Qxc5 14.
dxc5 Rxd2 15. Kxd2 Be6 16. a3 Na5 17. Bd4 Rd8 18. Kc2 Bh6 19. Be2 f5 20. Bd3
fxe4 21. Bxe4 Bf7 22. g4 Bf4 23. Rb1 Nc4 24. Rxb7 Nxa3+ 25. Kb2 Nc4+ 26. Ka1
e5 27. Be3 Rd1+ 28. Rb1 Rxb1+ 29. Kxb1 Nxe3 30. fxe3 Bxe3 31. Nxe5 Bxc5 32.
Nxf7 Kxf7 33. Kc2 Ke6 34. h4 Ke5 35. Bf3 Kf4 36. Bd1 h6 37. h5 gxh5 38. gxh5
Ke4 39. c4 Kd4 40. Kb3 Bb6 41. Kb4 Bc5+ 42. Kb5 Bb6 43. c5 Bxc5 44. Ka6 Bb6
45. Bg4 Ke4 46. Bd1 Kf4 47. Be2 Kg5 48. Bd1 Kf6 49. Bc2 Kg5 50. Bg6 Kf6 51.
Be8 Kg5 52. Bf7 Bd4 53. Bg6 Kf6 54. Be8 Be3 55. Bg6 Kg5 56. Be8
{Game drawn by mutual agreement}
1/2-1/2

[Event "ICC tourney 1946 (30 5)"]
[Site "Internet Chess Club"]
[Date "2020.08.01"]
[Round "5"]
[White "goodcrowdchess"]
[Black "chessmaster0981"]
[Result "0-1"]
[ICCResult "White resigns"]
[WhiteElo "1358"]
[BlackElo "1356"]
[Opening "French: Tarrasch, closed variation, main line"]
[ECO "C06"]
[NIC "FR.17"]
[Time "18:01:03"]
[TimeControl "1800+5"]

1. e4 e6 2. d4 d5 3. Nd2 Nf6 4. e5 Nfd7 5. Bd3 c5 6. c3 Nc6 7. Ne2 cxd4 8.
cxd4 f6 9. exf6 Nxf6 10. O-O Bd6 11. Nf3 O-O 12. Bf4 Bxf4 13. Nxf4 Ng4 14.
Qd2 Qf6 15. Nh5 Qf7 16. Ng3 e5 17. dxe5 Ncxe5 18. Ng5 Qe7 19. Bxh7+ Kh8 20.
Bc2 Nc4 21. Qd3 Nf6 22. Nh5 Ne5 23. Qe2 Nfg4 24. f4 Qc5+ 25. Kh1 Nc4 26. Qd3
Bf5 27. Qe2 Rae8 28. Nf7+ Kg8 29. Qxe8 Rxe8 30. Bxf5 Nf2+ 31. Rxf2 Qxf2 32.
Ne5 Nxe5 33. fxe5 Rxe5 34. h3 Rxf5 35. Rc1 Rxh5 36. Rc8+ Kh7 37. Rc3 Rg5 38.
g4 Qxb2 39. Rg3 Qc1+ 40. Kh2 Qd2+ 41. Kg1 Qe1+ 42. Kg2 Re5 43. Rf3 Re2+ 44.
Rf2 Qxf2+ 45. Kh1 {White resigns} 0-1

[Event "ICC tourney 1946 (30 5)"]
[Site "Internet Chess Club"]
[Date "2020.08.01"]
[Round "5"]
[White "chessw23"]
[Black "BreatheChessAls"]
[Result "1-0"]
[ICCResult "Black resigns"]
[WhiteElo "1605"]
[BlackElo "1465"]
[Opening "French: advance, Paulsen attack"]
[ECO "B22"]
[NIC "SI.46"]
[Time "18:00:57"]
[TimeControl "1800+5"]

1. e4 c5 2. c3 e6 3. d4 d5 4. e5 Nc6 5. Nf3 Qb6 6. a3 cxd4 7. cxd4 Bd7 8. b4
a6 9. Bb2 a5 10. b5 Na7 11. a4 Bb4+ 12. Bc3 Bxc3+ 13. Nxc3 Ne7 14. Bd3 h6
15. Rc1 O-O 16. Bb1 g6 17. h4 h5 18. Qd2 Kg7 19. Rg1 Qd8 20. g4 Rh8 21. Qf4
Ng8 22. gxh5 Rxh5 23. Ng5 Be8 24. Kd2 Rc8 25. Bxg6 Rxg5 26. Bxf7 Bxf7 27.
Rxg5+ Kf8 28. Rcg1 Nh6 29. Rh5 Ng8 30. Rxg8+ Kxg8 31. Qg3+ Kf8 32. Rh8+ Ke7
33. Qg5+ Kd7 34. Rxd8+ Rxd8 35. Qg7 Ke7 36. h5 Rg8 37. Qf6+ Ke8 38. h6 Rg6
39. h7 Rxf6 40. exf6 Nc8 41. h8=Q+ Kd7 42. Qg7 Nd6 43. b6 Kc6 44. Nb5 Ne4+
45. Ke3 Kxb6 46. Qxf7 Ng5 47. Qc7+ Ka6 48. Qd6+ b6 49. Qb8 {Black resigns}
1-0

[Event "ICC tourney 1946 (30 5)"]
[Site "Internet Chess Club"]
[Date "2020.08.01"]
[Round "5"]
[White "ThunderingFish"]
[Black "MARMAYOGI11"]
[Result "0-1"]
[ICCResult "White resigns"]
[WhiteElo "1530"]
[BlackElo "1702"]
[Opening "Réti opening"]
[ECO "A05"]
[NIC "QP.11"]
[Time "18:01:06"]
[TimeControl "1800+5"]

1. Nf3 Nf6 2. g3 b6 3. Bg2 Bb7 4. O-O e6 5. d3 d5 6. Nbd2 Nbd7 7. Re1 Bc5 8.
h3 e5 9. e4 dxe4 10. Nxe4 Nxe4 11. dxe4 Qe7 12. Qe2 a5 13. c3 Ba6 14. Qc2
O-O 15. a3 Bc4 16. b3 Ba6 17. Nh4 g6 18. Nf3 Rfd8 19. b4 Bd6 20. Qd2 f6 21.
h4 Bc4 22. h5 axb4 23. hxg6 hxg6 24. Nh4 Nf8 25. Bf1 Be6 26. c4 bxa3 27. Qe2
Bb4 28. Rd1 Rxd1 29. Qxd1 Bc5 30. Qf3 b5 31. cxb5 a2 32. Bb2 Ra4 33. Bh3 Bf7
34. Qg4 Kh7 35. Ng2 f5 36. Qf3 Rxe4 37. Nh4 Rb4 38. Bc3 Rb1+ 39. Kh2 Rxa1
40. Bxa1 Bd4 41. Qd1 Bxa1 42. Qxa1 Qc5 43. Qb2 Qd4 44. Qc2 a1=R 45. Bxf5 Ra2
46. Bxg6+ Nxg6 {White resigns} 0-1

[Event "ICC tourney 1946 (30 5)"]
[Site "Internet Chess Club"]
[Date "2020.08.01"]
[Round "5"]
[White "JunlinTheWorld"]
[Black "WCCJCB"]
[Result "0-1"]
[ICCResult "White checkmated"]
[WhiteElo "1692"]
[BlackElo "1773"]
[Opening "Sicilian: Najdorf, 6.Bg5"]
[ECO "B94"]
[NIC "SI.04"]
[Time "18:01:04"]
[TimeControl "1800+5"]

1. e4 c5 2. Nf3 d6 3. d4 cxd4 4. Nxd4 Nf6 5. Nc3 a6 6. Bg5 Nbd7 7. Be2 Qc7
8. O-O h6 9. Bxf6 Nxf6 10. Nd5 Nxd5 11. exd5 g6 12. Qd3 Bg7 13. Ne6 Bxe6 14.
dxe6 f5 15. Qg3 O-O 16. c3 Kh7 17. Bd1 b5 18. Bb3 a5 19. a4 Rab8 20. Rfb1 b4
21. c4 Rbc8 22. Qd3 Qc5 23. Qd2 f4 24. Rd1 f3 25. Qd5 Bxb2 26. Ra2 Be5 27.
g3 Bc3 28. Rd3 Qxd5 29. Rxd5 Rf6 30. Rd3 g5 31. h3 h5 32. Bc2 Kh6 33. Bb3 g4
34. Rc2 Rxe6 35. hxg4 Re1+ 36. Kh2 hxg4 37. Rcxc3 bxc3 38. Rxc3 Rc5 39. Rxf3
gxf3 40. Kh3 Rg5 41. g4 Rg1 42. c5 R5xg4 43. c6 R4g2 44. c7 Rh1#
{White checkmated}
0-1

[Event "ICC tourney 1946 (30 5)"]
[Site "Internet Chess Club"]
[Date "2020.08.01"]
[Round "5"]
[White "liguowh"]
[Black "NonnaThat"]
[Result "1-0"]
[ICCResult "Black resigns"]
[WhiteElo "1876"]
[BlackElo "1747"]
[Opening "Sicilian: Najdorf"]
[ECO "B90"]
[NIC "SI.14"]
[Time "18:01:51"]
[TimeControl "1800+5"]

1. e4 c5 2. Nf3 d6 3. d4 cxd4 4. Nxd4 Nf6 5. Nc3 a6 6. Be3 Ng4 7. Bc1 Nf6 8.
Be3 Ng4 9. Bc1 Nf6 10. f3 e6 11. Be3 b5 12. Qd2 Bb7 13. O-O-O Nbd7 14. g4 h6
15. h4 b4 16. Nce2 d5 17. Bg2 dxe4 18. g5 exf3 19. Bxf3 Bxf3 20. Nxf3 hxg5
21. hxg5 Rxh1 22. Rxh1 Ne4 23. Qd4 Ndc5 24. Qc4 Rc8 25. Kb1 Qa5 26. Ned4 Nd6
27. Qe2 g6 28. Bf4 Nde4 29. Rh8 Ke7 30. Be5 Qb6 31. Rh4 Qb7 32. Qh2 a5 33.
Qf4 a4 34. Rh7 Ke8 35. Nb5 b3 36. Nc7+ Rxc7 37. Bxc7 bxc2+ 38. Kxc2 f5 39.
gxf6 Qb5 40. Qe3 Qc4+ 41. Kd1 Qf1+ 42. Ne1 Nf2+ 43. Kc2 Qc4+ 44. Kb1 Nfe4
45. f7+ Ke7 46. Be5 Qd5 47. Qd4 Nd2+ 48. Kc2 Qxd4 49. Bxd4 Nde4 50. Nd3 Nd7
51. Nf4 e5 52. Nxg6+ Kf6 53. Nxe5 Nxe5 54. Rh5 {Black resigns} 1-0

[Event "ICC tourney 1946 (30 5)"]
[Site "Internet Chess Club"]
[Date "2020.08.01"]
[Round "5"]
[White "karuto2006"]
[Black "ryanwang"]
[Result "1-0"]
[ICCResult "Black resigns"]
[WhiteElo "1401"]
[BlackElo "1449"]
[Opening "Sicilian: Pelikan, Chelyabinsk variation"]
[ECO "B33"]
[NIC "SI.37"]
[Time "18:01:04"]
[TimeControl "1800+5"]

1. e4 c5 2. Nf3 Nc6 3. d4 cxd4 4. Nxd4 Nf6 5. Nc3 e5 6. Ndb5 d6 7. Bg5 a6 8.
Na3 b5 9. Nd5 Be7 10. Bxf6 Bxf6 11. c3 O-O 12. Nc2 Rb8 13. Bd3 Bg5 14. O-O
Ne7 15. Ncb4 Bb7 16. Nxe7+ Qxe7 17. Qe2 a5 18. Nc2 Bc6 19. Na3 Qb7 20. Rfd1
Bh6 21. c4 b4 22. Nb5 Qe7 23. Bc2 Bxb5 24. cxb5 Rb6 25. a4 g6 26. Bb3 Kg7
27. Rd5 Rc8 28. Rad1 Rc1 29. Rxc1 Bxc1 30. Qc4 Bh6 31. Rd1 Qb7 32. Qc2 Qd7
33. Bd5 Qd8 34. Qd3 Qe7 35. Bc6 Kf8 36. Qxd6 Qxd6 37. Rxd6 Ke7 38. Rd7+ Ke6
39. Kf1 Rb8 40. Ra7 Rd8 41. Bd5+ Kd6 42. Rxa5 Rc8 43. Ra6+ Ke7 44. Rc6 Ra8
45. Ra6 Rc8 46. Rc6 Ra8 47. Rc7+ Kd6 48. Bxa8 Kxc7 49. Bd5 Kb6 50. Bxf7 Bc1
51. b3 g5 52. Ke2 h6 53. f3 Bb2 54. Kd3 Bd4 55. Kc4 Bc3 56. Kd5 Bb2 57. Ke6
Bd4 58. Kf6 g4 59. fxg4 Bc3 60. Kg6 Bd2 61. h4 Bf4 62. g5 hxg5 63. hxg5
{Black resigns}
1-0

[Event "ICC tourney 1946 (30 5)"]
[Site "Internet Chess Club"]
[Date "2020.08.01"]
[Round "5"]
[White "xx99754539"]
[Black "OctopusYule"]
[Result "0-1"]
[ICCResult "White forfeits on time"]
[WhiteElo "2027"]
[BlackElo "1538"]
[Opening "Ruy Lopez: Marshall counter-attack, 11...c6"]
[ECO "C89"]
[NIC "RL.17"]
[Time "18:01:06"]
[TimeControl "1800+5"]

1. e4 e5 2. Nf3 Nc6 3. Bb5 a6 4. Ba4 Nf6 5. O-O Be7 6. Re1 b5 7. Bb3 O-O 8.
c3 d5 9. exd5 Nxd5 10. Nxe5 Nxe5 11. Rxe5 c6 12. d3 Bd6 13. Re1 Qh4 14. g3
Qh3 15. Re4 Qf5 16. Bc2 Qg6 17. Qf3 f5 18. Re1 f4 19. Qg2 f3 20. Qf1 Qh5 21.
Re4 Bf4 22. Bb3 Bxc1 23. Qxc1 Kh8 24. Rh4 Qg6 25. Na3 Bd7 26. Qd2 Rae8 27.
Bd1 Nf4 28. Bxf3 Nh3+ 29. Kg2 Ng5 30. Bh5 Qf6 31. Bxe8 Qf3+ 32. Kg1 Nh3+ 33.
Kf1 Rxe8 {White forfeits on time} 0-1

[Event "ICC tourney 1946 (30 5)"]
[Site "Internet Chess Club"]
[Date "2020.08.01"]
[Round "5"]
[White "Telos53"]
[Black "NK3"]
[Result "0-1"]
[ICCResult "White resigns"]
[WhiteElo "1394"]
[BlackElo "1796"]
[Opening "Queen's pawn: Yusupov-Rubinstein system"]
[ECO "A46"]
[NIC "QP.06"]
[Time "18:01:05"]
[TimeControl "1800+5"]

1. d4 Nf6 2. Nf3 e6 3. e3 c5 4. Bd3 b6 5. O-O Bb7 6. Nbd2 cxd4 7. exd4 Be7
8. Qe2 O-O 9. c3 d6 10. a4 a6 11. Re1 Nbd7 12. c4 Re8 13. b3 Bf8 14. Ne4 e5
15. dxe5 dxe5 16. Bb2 Nh5 17. Bc2 g6 18. Rad1 Qc7 19. g3 f5 20. Nc3 Nhf6 21.
Rd2 Bb4 22. Red1 Qc6 23. Nd5 Bxd2 24. Rxd2 Nxd5 25. cxd5 Qd6 26. Qd3 Rac8
27. Ng5 Nc5 28. Qf3 Rcd8 29. b4 Nd7 30. Bxf5 gxf5 31. Qxf5 Qg6 32. Qxg6+
hxg6 33. Ne6 Rc8 34. f4 exf4 35. Rd4 Rc2 {White resigns} 0-1

[Event "ICC tourney 1946 (30 5)"]
[Site "Internet Chess Club"]
[Date "2020.08.01"]
[Round "5"]
[White "Taechess"]
[Black "playtowin2020"]
[Result "1/2-1/2"]
[ICCResult "Game drawn by repetition"]
[WhiteElo "1922"]
[BlackElo "1395"]
[Opening "Sicilian: Hungarian variation"]
[ECO "B27"]
[NIC "SI.43"]
[Time "18:01:13"]
[TimeControl "1800+5"]

1. e4 c5 2. Nf3 g6 3. c3 Bg7 4. d4 cxd4 5. cxd4 d5 6. e5 Bg4 7. Nc3 a6 8.
Be2 Bxf3 9. Bxf3 e6 10. Qb3 Qc7 11. Bf4 Ne7 12. Rc1 Nbc6 13. Na4 b5 14. Nc5
Nxd4 15. Qa3 Nxf3+ 16. Qxf3 Qb8 17. Qe2 O-O 18. Nd7 Qb7 19. Nxf8 Rxf8 20.
O-O h5 21. h3 Nc8 22. Rc2 Ne7 23. Rfc1 Nf5 24. Qd3 Qb6 25. g4 Qd4 26. Qf3
hxg4 27. hxg4 Nh6 28. Re1 f5 29. g5 Nf7 30. Rc6 Bxe5 31. Rxe6 Bg7 32. Rxg6
Qxb2 33. Qxd5 Qb4 34. Bd2 Qg4+ 35. Qg2 Qh5 36. Rge6 Nh8 37. Rxa6 Ng6 38.
Qd5+ Kh7 39. Qh1 Nh4 40. g6+ Kg8 41. Kf1 Qg4 42. Ra7 Qc4+ 43. Kg1 Qg4+ 44.
Kf1 Qc4+ 45. Re2 Re8 46. Be3 Nxg6 47. Qb7 Re7 48. Qb8+ Kf7 49. Rxe7+ Nxe7
50. Qb7 Bf6 51. Qh1 Qd3 52. Qh7+ Ke8 53. Bf4 Qd1+ 54. Re1 Qd3+ 55. Kg1 Qc3
56. Qh5+ Kf8 57. Bh6+ Bg7 58. Bxg7+ Qxg7+ 59. Kf1 Qc3 60. Qh6+ Ke8 61. Qg6+
Kf8 62. Qb6 Qc4+ 63. Kg2 Qg4+ 64. Kf1 Qc4+ 65. Re2 Qc1+ 66. Kg2 Qg5+ 67. Kf1
Qc1+ 68. Re1 Qc4+ 69. Kg2 Qg4+ 70. Kh1 Qh3+ 71. Kg1 Qg4+ 72. Kf1 Qc4+ 73.
Re2 Qc1+ {Game drawn by repetition} 1/2-1/2

[Event "ICC tourney 1946 (30 5)"]
[Site "Internet Chess Club"]
[Date "2020.08.01"]
[Round "5"]
[White "tigertiger2019"]
[Black "KnightRyder3"]
[Result "0-1"]
[ICCResult "White resigns"]
[WhiteElo "1260"]
[BlackElo "1419"]
[Opening "Grünfeld: Spassky variation, main line, 10...cd, 11.cd"]
[ECO "D88"]
[NIC "GI.06"]
[Time "18:02:09"]
[TimeControl "1800+5"]

1. d4 Nf6 2. c4 g6 3. Nc3 d5 4. cxd5 Nxd5 5. e4 Nxc3 6. bxc3 Bg7 7. Bc4 O-O
8. Ne2 c5 9. Be3 cxd4 10. cxd4 Nc6 11. O-O a6 12. Rc1 Bd7 13. f4 b5 14. Bd5
Rc8 15. f5 e6 16. fxe6 fxe6 17. Rxc6 Rxc6 18. Bxc6 Bxc6 19. Rxf8+ Qxf8 20.
d5 exd5 21. exd5 Qd6 22. Nf4 Bh6 23. Qg4 Bxf4 24. Qc8+ Kf7 25. Bxf4 Qxd5 26.
Qc7+ Qd7 27. Qxd7+ Bxd7 28. a3 Ke6 29. Bd2 Kd5 30. Kf2 Kc4 31. Bb4 Kb3 32.
Ke3 Ka4 33. Kd4 a5 34. Bd6 b4 35. axb4 axb4 36. Kc4 Be6+ 37. Kd3 b3 38. Kc3
Kb5 39. Ba3 Kc6 40. Kd4 Kb5 41. Bb2 Kc6 42. Ke5 Bg8 43. g4 Kc5 44. g5 Bd5
45. h3 Kc4 46. h4 Bf3 47. Kf6 Kd3 48. Kg7 Kc2 49. Be5 b2 50. Bxb2 Kxb2 51.
Kxh7 Bh5 52. Kg7 Kc3 53. Kf6 Kd4 54. Ke6 Ke4 55. Kf6 Kf4 56. Ke6 Kg4 57. Ke5
Kxh4 58. Kf4 Kh3 59. Ke5 Kg4 60. Kf6 Kf4 61. Ke6 Kxg5 62. Ke5 Kg4 63. Ke4
Kg3 64. Ke3 g5 65. Kd2 g4 66. Ke1 Kg2 67. Ke2 g3+ 68. Ke3 Kh2 69. Kd2 g2 70.
Ke3 g1=Q+ {White resigns} 0-1

[Event "ICC tourney 1946 (30 5)"]
[Site "Internet Chess Club"]
[Date "2020.08.01"]
[Round "5"]
[White "Viking21"]
[Black "whyyoutrysohard"]
[Result "0-1"]
[ICCResult "White checkmated"]
[WhiteElo "1611"]
[BlackElo "1377"]
[Opening "Sicilian: Alapin's variation (2.c3)"]
[ECO "B22"]
[NIC "SI.47"]
[Time "18:01:02"]
[TimeControl "1800+5"]

1. e4 c5 2. c3 Nf6 3. e5 Nd5 4. d4 cxd4 5. cxd4 Nc6 6. Nc3 Nxc3 7. bxc3 d6
8. f4 dxe5 9. fxe5 Bf5 10. Nf3 e6 11. Be2 Be7 12. O-O O-O 13. h3 Rc8 14. g4
Bg6 15. Bd3 Bxd3 16. Qxd3 f6 17. exf6 Bxf6 18. g5 Be7 19. Bd2 Bd6 20. Rae1
Qd7 21. Re2 Rf7 22. h4 Rcf8 23. Qe4 e5 24. Ref2 exd4 25. Nxd4 Qh3 26. Qd5
Bh2+ 27. Kh1 Bg3+ 28. Kg1 Bxf2+ 29. Rxf2 Qd7 30. Qc4 Nxd4 31. cxd4 Kh8 32.
Be3 Rxf2 33. Bxf2 Qg4+ 34. Kf1 Qxh4 35. Qc5 Qxf2# {White checkmated} 0-1

[Event "ICC tourney 1946 (30 5)"]
[Site "Internet Chess Club"]
[Date "2020.08.01"]
[Round "5"]
[White "gardemarin13"]
[Black "Zuiopal"]
[Result "0-1"]
[ICCResult "White resigns"]
[WhiteElo "1523"]
[BlackElo "1421"]
[Opening "Caro-Kann: exchange, Rubinstein variation"]
[ECO "B13"]
[NIC "CK.02"]
[Time "18:01:41"]
[TimeControl "1800+5"]

1. e4 c6 2. d4 d5 3. exd5 cxd5 4. Bd3 Nc6 5. c3 Nf6 6. Bf4 g6 7. Nd2 Bg7 8.
h3 O-O 9. Ngf3 a6 10. a4 Re8 11. O-O Nd7 12. Re1 e5 13. dxe5 Ndxe5 14. Nxe5
Nxe5 15. Qe2 Bd7 16. Kh1 Nxd3 17. Qxd3 Be6 18. Be5 Bxe5 19. Rxe5 Qb6 20. f4
Red8 21. b4 Rac8 22. Nf3 Qc6 23. Ra3 Qc4 24. Qe3 Bf5 25. Nd4 Be4 26. Kh2 Qc7
27. Qg3 Re8 28. Rxe8+ Rxe8 29. Ra1 Rc8 30. Rc1 Qd7 31. a5 Rc4 32. Qg5 Qc7
33. Ne2 Bd3 34. Nd4 Rxd4 35. cxd4 Qxc1 36. Qd8+ Kg7 37. Qxd5 Qc6 38. Qe5+
Qf6 39. Qe3 Bb5 40. g4 h6 41. d5 Qb2+ 42. Kg3 Qxb4 43. Qe5+ Kg8 44. Qb8+ Kg7
45. Qe5+ Kg8 46. Qb8+ Qf8 47. Qxb7 Qa3+ 48. Kg2 Qb2+ 49. Kg3 Qc3+ 50. Kf2
Qd2+ 51. Kg3 Qe3+ 52. Kh2 Qxf4+ 53. Kg1 Qg3+ 54. Kh1 Qxh3+ 55. Kg1 Qxg4+ 56.
Kh1 Qh3+ 57. Kg1 Qg3+ 58. Kh1 Kg7 59. Qc8 Be2 60. Qc3+ Qxc3 {White resigns}
0-1

[Event "ICC tourney 1946 (30 5)"]
[Site "Internet Chess Club"]
[Date "2020.08.01"]
[Round "6"]
[White "albli"]
[Black "WCCJCS"]
[Result "0-1"]
[ICCResult "White checkmated"]
[WhiteElo "1476"]
[BlackElo "1593"]
[Opening "Sicilian: Najdorf"]
[ECO "B90"]
[NIC "SI.14"]
[Time "19:31:21"]
[TimeControl "1800+5"]

1. e4 c5 2. Nf3 d6 3. d4 cxd4 4. Nxd4 Nf6 5. Nc3 a6 6. f3 e5 7. Nb3 Be6 8.
Be3 Be7 9. Qd2 O-O 10. O-O-O Nbd7 11. g4 b5 12. g5 b4 13. Nd5 Nxd5 14. exd5
Bf5 15. h4 a5 16. Kb1 a4 17. Nc1 a3 18. b3 Qa5 19. Bd3 Bxd3 20. Qxd3 Rac8
21. Ne2 f5 22. g6 h6 23. h5 Nc5 24. Bxc5 Rxc5 25. f4 e4 26. Qd2 Rfc8 27. Nd4
Rxd5 28. Qe3 Bf6 29. Ne6 Qb5 30. Qa7 Qc6 31. Qf7+ Kh8 32. c4 bxc3 33. Kc2
Rxd1 34. Rxd1 Qb5 35. Ng5 Qe2+ 36. Kc1 Qb2# {White checkmated} 0-1

[Event "ICC tourney 1946 (30 5)"]
[Site "Internet Chess Club"]
[Date "2020.08.01"]
[Round "6"]
[White "gz99754539"]
[Black "Taechess"]
[Result "0-1"]
[ICCResult "White resigns"]
[WhiteElo "1959"]
[BlackElo "1941"]
[Opening "French: Tarrasch, open variation"]
[ECO "C07"]
[NIC "FR.18"]
[Time "19:31:14"]
[TimeControl "1800+5"]

1. e4 e6 2. d4 d5 3. Nd2 c5 4. Ngf3 Nf6 5. e5 Nfd7 6. c3 Nc6 7. Bd3 Qb6 8.
O-O cxd4 9. cxd4 Nxd4 10. Nxd4 Qxd4 11. Nf3 Qb6 12. Qa4 Be7 13. a3 O-O 14.
Qg4 f5 15. Qg3 Kh8 16. b4 a5 17. Be3 Qd8 18. b5 Nc5 19. Bxc5 Bxc5 20. a4 Qe7
21. Rfc1 b6 22. Rc2 Bb7 23. Qf4 Rac8 24. Raa2 d4 25. Bc4 Be4 26. Re2 d3 27.
Rxe4 fxe4 28. Qxe4 Bb4 29. Qxd3 Rfd8 30. Qf1 Rxc4 {White resigns} 0-1

[Event "ICC tourney 1946 (30 5)"]
[Site "Internet Chess Club"]
[Date "2020.08.01"]
[Round "6"]
[White "clair"]
[Black "gardemarin13"]
[Result "1-0"]
[ICCResult "Black resigns"]
[WhiteElo "1471"]
[BlackElo "1495"]
[Opening "Queen's pawn: London system"]
[ECO "A45"]
[NIC "QP.07"]
[Time "19:31:26"]
[TimeControl "1800+5"]

1. d4 Nf6 2. Bf4 e6 3. e3 c5 4. c3 d5 5. Nd2 b6 6. Ngf3 Bd6 7. Ne5 Bb7 8.
Bb5+ Kf8 9. g4 Ne4 10. Nxe4 dxe4 11. dxc5 bxc5 12. Nd7+ Nxd7 13. Qxd6+ Qe7
14. Qxd7 Qxd7 15. Bxd7 Ke7 16. Ba4 Ba6 17. Rd1 Rad8 18. Bb3 f6 19. c4 e5 20.
Bg3 Bc8 21. h3 h5 22. gxh5 Rxd1+ 23. Bxd1 Be6 24. b3 Rd8 25. Bg4 Rd3 26.
Bxe6 Kxe6 27. Ke2 Rc3 28. Rd1 Rc2+ 29. Rd2 Rc1 30. h4 Ke7 31. Rd5 Rc2+ 32.
Kd1 Rxa2 33. Rxc5 Kd6 34. Rb5 Kc6 35. Rb8 a5 36. Kc1 Kc5 37. Rb7 Re2 38.
Rb5+ Kc6 39. Rxa5 {Black resigns} 1-0

[Event "ICC tourney 1946 (30 5)"]
[Site "Internet Chess Club"]
[Date "2020.08.01"]
[Round "6"]
[White "Atharva10"]
[Black "JunlinTheWorld"]
[Result "0-1"]
[ICCResult "White checkmated"]
[WhiteElo "1574"]
[BlackElo "1703"]
[Opening "Sicilian defense"]
[ECO "B30"]
[NIC "SI.31"]
[Time "19:31:22"]
[TimeControl "1800+5"]

1. e4 c5 2. Nf3 Nc6 3. Be2 g6 4. d4 cxd4 5. Nxd4 Bg7 6. c3 Nf6 7. f3 O-O 8.
O-O d5 9. Nxc6 bxc6 10. e5 Nd7 11. f4 a5 12. Be3 Ba6 13. Nd2 Bxe2 14. Qxe2
Qc7 15. Nf3 c5 16. Rad1 e6 17. g4 c4 18. Qf2 Rac8 19. g5 Nc5 20. Bxc5 Qxc5
21. Qxc5 Rxc5 22. Nd4 Rb8 23. Rd2 Rc7 24. Rff2 Bf8 25. Kg2 Bc5 26. Kf3 Bxd4
27. Rxd4 Rcb7 28. Rdd2 Kf8 29. Ke3 Ke7 30. Kd4 h5 31. gxh6 Rh8 32. h7 Rxh7
33. Kc5 Rh8 34. Rg2 Rc8+ 35. Kd4 Rh8 36. Rgf2 Rh3 37. Kc5 Rc7+ 38. Kb6 Kd7
39. Kxa5 Rb7 40. Ka4 Rh8 41. b4 Ra8# {White checkmated} 0-1

[Event "ICC tourney 1946 (30 5)"]
[Site "Internet Chess Club"]
[Date "2020.08.01"]
[Round "6"]
[White "Roger436"]
[Black "goodcrowdchess"]
[Result "1-0"]
[ICCResult "Black checkmated"]
[WhiteElo "1352"]
[BlackElo "1327"]
[Opening "Ruy Lopez: Wormald (Alapin) attack"]
[ECO "C77"]
[NIC "RL.12"]
[Time "19:30:53"]
[TimeControl "1800+5"]

1. e4 e5 2. Nf3 Nc6 3. Bb5 a6 4. Ba4 Nf6 5. Qe2 Be7 6. c3 b5 7. Bb3 d6 8. d4
Na5 9. Bc2 O-O 10. dxe5 dxe5 11. Nxe5 Bd6 12. Nf3 Re8 13. O-O Bb7 14. Bg5 h6
15. Bh4 Qe7 16. Nbd2 g5 17. Bg3 Nxe4 18. Nxe4 Bxg3 19. Nxg3 Qxe2 20. Nxe2
Rxe2 21. Nd4 Rd2 22. Rad1 Rxd1 23. Rxd1 Rd8 24. Nf5 Rxd1+ 25. Bxd1 Kh7 26.
Bc2 Ba8 27. f3 Kg6 28. Nd6+ Kf6 29. Ne8+ Ke7 30. Nxc7 Bb7 31. Be4 Bxe4 32.
fxe4 Nc4 33. b3 Nd6 34. Nxa6 Nxe4 35. c4 bxc4 36. bxc4 Nd2 37. c5 Kd7 38.
Kf2 Ne4+ 39. Ke3 Nc3 40. a3 Nb1 41. a4 Nc3 42. a5 Kc6 43. Kd4 Ne2+ 44. Kc4
f5 45. Nb4+ Kc7 46. a6 f4 47. Nd5+ Kb8 48. c6 g4 49. c7+ Kc8 50. a7 Kb7 51.
a8=Q+ Kxa8 52. c8=Q+ Ka7 53. Qc7+ Ka6 54. Nb4# {Black checkmated} 1-0